 Seeded DCSS version 0.28.0-62-gf88900778d (webtiles) character file.

Game seed: 13591998346360536447 (custom seed)

3763 Psyclone the Devastator (level 9, 49/49 HPs)
             Began as a Deep Elf Conjurer on Oct 18, 2023.
             Was an Initiate of Gozag.
             Quit the game on level 7 of the Dungeon.
             The game lasted 00:20:36 (7707 turns).

Psyclone the Devastator (Deep Elf Conjurer)         Turns: 7707, Time: 00:20:37

Health: 49/49      AC:  9    Str:  8    XL:     9   Next: 94%
Magic:  15/15      EV: 12    Int: 36    God:    Gozag
Gold:   4207       SH:  5    Dex: 13    Spells: 3/14 levels left

rFire   x . .      SeeInvis .   j - +2 dagger (speed)
rCold   . . .      Faith    .   (no shield)
rNeg    . . .      Spirit   .   a - +0 robe
rPois   +          Reflect  +   (no helmet)
rElec   .          Harm     .   e - +2 cloak of the Hidden Vale {rPois rF- Str+2 Int+8}
rCorr   .          Rampage  .   (no gloves)
Will    .....                   (no boots)
Stlth   ++........              g - amulet of reflection
HPRegen 0.16/turn               (no ring)
MPRegen 0.14/turn               (no ring)

@: studying 2 skills
A: iridescent scales 2, poison resistance, robust 1, strong 1
a: Renounce Religion, Potion Petition, Call Merchant, Bribe Branch


You were on level 7 of the Dungeon.
You worshipped Gozag.
Gozag was most pleased with you.
You visited 2 branches of the dungeon, and saw 10 of its levels.

You collected 4291 gold pieces.
You paid 84 gold pieces to Gozag.

Inventory:

Hand Weapons
 b - a +0 dagger
 j - a +2 dagger of speed (weapon)
Armour
 a - a +0 robe (worn)
 e - the +2 cloak of the Hidden Vale (worn) {rPois rF- Str+2 Int+8}
   (You acquired it on level 4 of the Dungeon)

   Str:       It affects your strength (+2).
   Int:       It affects your intelligence (+8).
   rF:        It makes you vulnerable to fire.
   rPois:     It protects you from poison.
Jewellery
 f - a +6 ring of dexterity
 g - an amulet of reflection (around neck)
Wands
 c - a wand of mindburst (17)
 h - a wand of flame (30)
 i - a wand of charming (10)
Scrolls
 d - 3 scrolls of acquirement


   Skills:
 - Level 2.4 Dodging
 - Level 2.4 Stealth
 - Level 3.0 Spellcasting
 + Level 15.8 Conjurations


You had 3 spell levels left.
You knew the following spells:

 Your Spells              Type           Power      Damage    Failure   Level
a - Magic Dart            Conj           100%       1d8       0%          1
b - Searing Ray           Conj           100%       2d8       0%          2
d - Fulminant Prism       Conj/Hex       29%        3d14      1%          4
e - Iskenderun's Mystic   Conj/Tloc      58%        2d12      1%          4

Your spell library contained the following spells:

 Spells                   Type           Power      Damage    Failure   Level
 Static Discharge         Conj/Air       58%        N/A       1%          2
 Dazzling Flash           Conj/Hex       100%       N/A       1%          3
 Sticky Flame             Conj/Fire      58%        2d7       1%          4
 Dispel Undead            Necr           5%         3d7       43%         4


Dungeon Overview and Level Annotations

Branches:
Dungeon (9/15)             Temple (1/1) D:6
   Lair: D:8-11         Orc: D:9-12

Altars:
Ashenzari
Cheibriados
Dithmenos
Elyvilon
Fedhas
Gozag
Kikubaaqudgha
Makhleb
Nemelex Xobeh
Okawaru
Qazlal
Ru
Sif Muna
Uskayaw
Vehumet
Wu Jian
Xom
Yredelemnul
Zin
The Shining One

Shops:
D:8 *


Innate Abilities, Weirdness & Mutations

You are mostly covered in iridescent scales. (AC +4)
Your system is resistant to poisons. (rPois)
You are robust. (+10% HP)
Your muscles are strong. (Str +2)


Message History

You finish channelling your searing ray.
You now have 0/15 mp.
Things that are here:
4 gold pieces; a +0 short sword; 2 boomerangs
There is a stone staircase leading up here.
You start resting.
Magic restored.
MP restored: 15
Found 7 stones.
There is a stone staircase leading down here.
Found a ring mail.
Found 15 gold pieces.
There is a stone staircase leading up here.
You climb upwards.
There is a stone staircase leading down here.
You climb downwards.
There is a stone staircase leading up here.
There is a stone staircase leading down here.
You climb downwards.
Found 46 stones, a ring mail and 7 gold pieces.
There is a stone staircase leading up here.
Found 3 scrolls of acquirement.
Found 13 gold pieces.
A gnoll sergeant comes into view.
It is wielding a +3 trident of freezing.
You see here 3 scrolls of acquirement.
d - 3 scrolls of acquirement
There is a stone staircase leading up here.
You climb upwards.
There is a stone staircase leading down here.
There is a stone staircase leading down here.
You climb downwards.
There is a stone staircase leading up here.
You climb upwards.
There is a stone staircase leading down here.
There is a stone staircase leading up here.
You climb upwards.
There is a stone staircase leading down here.
Unknown command.
Unknown command.
Are you sure you want to abandon this character and quit the game? (Confirm with "yes".)

#. ############.
#............
############. ######
#.# #. #....# #.# #.
#....##########.###.
###...................
#....@................
#####'###########.###.
#.# #####.# #. #.#
#.....# #. #.# #.###.#
#. #.#######.#.#.# #.
#.............# #.
#########.#.#.# ##
#.#.#.#


There were no monsters in sight!

Vanquished Creatures
  Sigmund (D:5)
  A wyvern (D:8)
  2 steam dragons
  2 basilisks
  Menkaure (D:5)
  Edmund (D:5)
  A water moccasin (D:8)
  An orc warrior (D:8)
  3 ice beasts
  2 black bears (D:6)
  3 sky beasts
  4 ogres
  2 centaurs
  A wyvern zombie (D:7)
  A gnoll sergeant (D:5)
  A scorpion (D:7)
  A water moccasin zombie (D:5)
  6 killer bees (D:8)
  2 jellies
  A howler monkey (D:5)
  A bullfrog zombie (D:5)
  A centaur zombie (D:6)
  An orc priest (D:5)
  4 bullfrog skeletons
  2 gnoll shamans
  5 iguanas
  Ijyb (D:5)
  An orc wizard (D:5)
  A killer bee zombie (D:7)
  2 hound skeletons
  10 gnolls
  3 adders
  A howler monkey skeleton (D:6)
  A white imp (D:5)
  2 ufetubi
  A worm (D:2)
  A dart slug (D:4)
  5 orcs
  2 endoplasms
  A hobgoblin (D:4)
  3 jackals (D:1)
  A kobold (D:1)
  2 quokkas (D:5)
  2 ball pythons
  3 rats
94 creatures vanquished.

Vanquished Creatures (others)
  5 fulminant prisms
  A fungus (D:8)
  11 plants (D:8)
17 creatures vanquished.

Grand Total: 111 creatures vanquished

Notes
Turn   | Place    | Note
-------+----------+-------------------------------------------
     0 | D:1      | Psyclone the Deep Elf Conjurer began the quest for the Orb.
     0 | D:1      | Reached XP level 1. HP: 10/10 MP: 6/6
   178 | D:2      | Reached XP level 2. HP: 15/15 MP: 6/8
   181 | D:2      | Learned a level 2 spell: Searing Ray
   211 | D:2      | Reached skill level 5 in Conjurations
   273 | D:2      | Identified 3 scrolls of acquirement
   286 | D:3      | Found a glowing golden altar of the Shining One.
   337 | D:4      | Acquired the +2 cloak of the Hidden Vale {rPois rF- Str+2
                  | Int+8}
   340 | D:4      | Acquired 1255 gold pieces
   346 | D:4      | Acquired 1352 gold pieces
   357 | D:4      | Acquired 1218 gold pieces
   389 | D:4      | Reached XP level 3. HP: 19/19 MP: 2/9
   420 | D:4      | Gained mutation: You are robust. (+10% HP) [potion of
                  | mutation]
   420 | D:4      | Gained mutation: You have hidden genetic potential. [potion
                  | of mutation]
   420 | D:4      | Gained mutation: Your muscles are strong. (Str +2) [potion
                  | of mutation]
   420 | D:4      | Gained mutation: You are partially covered in iridescent
                  | scales. (AC +2) [potion of mutation]
   426 | D:4      | Reached skill level 6 in Conjurations
   646 | D:4      | Reached XP level 4. HP: 26/26 MP: 6/10
   656 | D:4      | Gained mutation: Your system is resistant to poisons.
                  | (rPois) [hidden potential]
   687 | D:5      | Entered Level 5 of the Dungeon
   792 | D:5      | Found a shimmering blue altar of Sif Muna.
   819 | D:5      | Noticed Sigmund
   843 | D:5      | Found an iron altar of Okawaru.
   904 | D:5      | Noticed a centaur
   908 | D:5      | Killed a centaur
   909 | D:5      | Reached skill level 7 in Conjurations
   909 | D:5      | Reached XP level 5. HP: 20/30 MP: 5/11
   914 | D:5      | Gained mutation: You are mostly covered in iridescent
                  | scales. (AC +4) [hidden potential]
   914 | D:5      | Lost mutation: You have hidden genetic potential. [hidden
                  | potential expressed]
   942 | D:5      | Noticed Menkaure
   951 | D:5      | Killed Menkaure
   952 | D:5      | Reached skill level 8 in Conjurations
   952 | D:5      | Reached XP level 6. HP: 28/35 MP: 5/12
  1069 | D:5      | Killed Sigmund
  1070 | D:5      | Reached skill level 9 in Conjurations
  1072 | D:5      | Reached XP level 7. HP: 28/39 MP: 2/13
  1270 | D:5      | Reached skill level 10 in Conjurations
  1593 | D:5      | Reached skill level 11 in Conjurations
  1593 | D:5      | Reached XP level 8. HP: 43/45 MP: 6/14
  1843 | D:5      | Noticed Ijyb
  1860 | D:5      | Killed Ijyb
  1966 | D:5      | Learned a level 4 spell: Fulminant Prism
  1971 | D:5      | Learned a level 4 spell: Iskenderun's Mystic Blast
  1972 | D:5      | Noticed Edmund
  1996 | D:5      | Killed Edmund
  2085 | D:5      | Reached skill level 12 in Conjurations
  2486 | D:5      | Found an opulent altar of Gozag.
  2493 | D:5      | Became a worshipper of Gozag Ym Sagoz the Greedy
  2500 | D:5      | Found a stormy altar of Qazlal.
  2803 | D:5      | Found a shimmering blue altar of Sif Muna.
  2988 | D:5      | Found an iron altar of Okawaru.
  3840 | D:6      | Reached skill level 13 in Conjurations
  4112 | D:6      | Reached XP level 9. HP: 49/49 MP: 7/15
  5163 | D:6      | Found a staircase to the Ecumenical Temple.
  5239 | Temple   | Entered the Ecumenical Temple
  5636 | D:7      | Reached skill level 14 in Conjurations
  5848 | D:7      | HP: 2/49 [wyvern zombie (7)]
  6418 | D:7      | Found an ornate altar of the Wu Jian Council.
  7322 | D:8      | Found Kiqy Okk's Assorted Antiques.
  7332 | D:8      | Reached skill level 15 in Conjurations
  7707 | D:7      | Quit the game

Illustrated notes

Levels and vault maps discovered:
D:1:      wander_arrival_fairy_ring, layout_basic, chequers_serial_rivers_room_a
D:2:      layout_loops_ring, shapermc_ecumenical_altar_venn, uniq_natasha
D:3:      layout_loops_ring, mainiacjoe_overflow_chevrons,
          gammafunk_ghost_arena, hangedman_glass_teeth
D:4:      layout_basic, nicolae_hepliaklqana_monster_ancestors,
          due_unseen_surprise
D:5:      layout_basic, lemuel_doored_altar, overflow_temple_1_default,
          amethyst_overflow_temple_binary, minmay_manual_mess, uniq_ijyb,
          uniq_edmund, uniq_sigmund, uniq_menkaure
D:6:      layout_layer_cave, minmay_temple_entry_hall
D:7:      layout_basic, nicolae_wu_jian_immortal_techniques
D:8:      layout_rooms, lightli_temple_of_fire, minmay_lair_entry_grove,
          serial_shops, shop
D:9:      layout_cave_pools, grunt_decor_clamped
Temple:   jpeg_temple_clearing

Skill      XL: |  1  2  3  4  5  6  7  8  9 |
---------------+----------------------------+-----
Conjurations   | 5 6 7 8 9 11 13 15 | 15.8
Dodging        | |  2.4
Stealth        | |  2.4
Spellcasting   | |  3.0

Action                   |  1- 3 |  4- 6 |  7- 9 || total
-------------------------+-------+-------+-------++-------
Melee: Dagger            |       |     2 |    19 ||    21
 Cast: Magic Dart        |    17 |     1 |    57 ||    75
       Searing Ray       |     5 |     9 |    58 ||    72
       Fulminant Prism   |       |       |     5 ||     5
       Iskenderun's Myst |       |       |     2 ||     2
  Use: Scroll            |     5 |     1 |     5 ||    11
       Potion            |     1 |       |     1 ||     2
Armor: Robe              |     1 |     5 |    39 ||    45
Dodge: Dodged            |     3 |     9 |    53 ||    65
Block: Other             |       |     1 |    16 ||    17
